 Dungeon Crawl Stone Soup version 0.30-a0-778-g2ef04afb54 (console) character file.

Game seed: 12362921813967933546

234 rlgrobin the Chopper (level 6, -1/51 HPs)
             Began as a Meteoran Fighter on Feb 17, 2023.
             Was a Believer of Cheibriados.
             Killed from afar by a steam dragon (10 damage)
             ... with a ball of steam
             ... on level 6 of the Dungeon.
             The game lasted 00:01:56 (377 turns).

rlgrobin the Chopper (Meteoran Fighter)              Turns: 377, Time: 00:01:56

Health: -1/51      AC:  9    Str: 23    XL:     6   Next: 51%
Magic:  7/7        EV:  7    Int: 14    God:    Cheibriados [**....]
Gold:   37         SH:  5    Dex: 18    Spells: 5/5 levels left

rFire   . . .      SeeInvis .    a - +0 war axe
rCold   . . .      Faith    .    c - +0 buckler
rNeg    . . .      Spirit   .    g - +0 chain mail
rPois   .          Reflect  .    (no helmet)
rElec   .          Harm     .    (no cloak)
rCorr   .          Rampage  .    (no gloves)
Will    .....                    (no boots) Stlth
                                 (no amulet)
HPRegen 0.28/turn                (no ring)
MPRegen 0.10/turn                (no ring)

@: mighty, glowing, very slow
A: sense surroundings 1, otherworldly, glowing, explore regen
a: Renounce Religion, Bend Time


You were on level 6 of the Dungeon.
You worshipped Cheibriados.
Cheibriados was pleased with you.
You visited 1 branch of the dungeon, and saw 6 of its levels.

You collected 37 gold pieces.

Inventory:

Hand Weapons
 a - a +0 war axe (weapon)
Missiles
 h - 5 poisoned darts (quivered)
Armour
 c - a +0 buckler (worn)
 g - a +0 chain mail (worn)
Scrolls
 j - a scroll of enchant weapon {unknown}
 k - a scroll of magic mapping {unknown}
 l - a scroll of fog {unknown}
Potions
 b - 3 potions of curing {unknown}
 d - a potion of might
 e - a potion of brilliance {unknown}
 f - 2 potions of haste {unknown}
 i - a potion of lignification {unknown}


   Skills:
 - Level 3.2 Fighting
 + Level 7.4 Axes
 - Level 3.6 Armour
 - Level 3.6 Shields


You had 5 spell levels left.
You didn't know any spells.
Your spell library contained the following spells:

 Spells                   Type           Power      Damage    Failure   Level
 Freeze                   Ice            0%         1d3       96%         1
 Frozen Ramparts          Ice            0%         1d1       100%        3
 Hailstorm                Conj/Ice       0%         3d3       100%        3


Dungeon Overview and Level Annotations

Branches:
Dungeon (6/15) Zot: 4861
 Temple: D:4-7

Altars:
Cheibriados
Elyvilon


Innate Abilities, Weirdness & Mutations

You passively map a small area around you.
You are easily found by Zot.
You glow in the dark.
You regain HP and MP as you explore.


Message History

The steam dragon hisses angrily.
An ufetubus comes into view.
You block the steam dragon's attack.
The steam dragon claws you but does no damage.
You feel very mighty all of a sudden. The steam dragon breathes steam at you.
The ball of steam hits you!!
You slice the steam dragon!!
The steam dragon is heavily wounded.
You barely miss the ufetubus.
You are engulfed in a cloud of scalding steam.
The ufetubus hits you but does no damage.
You block the ufetubus's attack.
The steam dragon bites you but does no damage.
You block the steam dragon's attack. The ufetubus hits you.
The ufetubus hits you but does no damage.
You hit the steam dragon.
The steam dragon is severely wounded.
You slash the ufetubus!
You kill the ufetubus!
Cheibriados thoroughly appreciates the change of pace.
Cheibriados raises the support of your attributes as your movement slows.
You are engulfed in a cloud of scalding steam.
* * * LOW HITPOINT WARNING * * *
The steam dragon closely misses you. The steam dragon claws you.
* * * LOW HITPOINT WARNING * * *
You hit the steam dragon.
The steam dragon is almost dead.
You are engulfed in a cloud of scalding steam.
* * * LOW HITPOINT WARNING * * *
The steam dragon bites you.
* * * LOW HITPOINT WARNING * * *
The steam dragon completely misses you.
You hit the steam dragon.
The steam dragon is almost dead.
You are engulfed in a cloud of scalding steam.
* * * LOW HITPOINT WARNING * * *
The steam dragon breathes steam at you. The ball of steam hits you!
You die...

* , * * ....#......#
, ...#..
.........#.# * ,
...#. ⌠.⌠.#....#.# *
##.... .........#.#
*
#.....#,....#.......
#
#....).,..........).
###.#...#.#
............
.......D#.#
.####......# *
*#.@#.# ...........#
* * ##§#.#
...........# *,
#§#.########..#..#
#................# *
* ###.#.....###.#...
* #.#.....# #.####
######'#.....# #.#
,, * #............#
#.., #............+
...


You could see a steam dragon (catching breath).

Vanquished Creatures
  An ice beast (D:6)
  A howler monkey (D:5)
  2 hounds
  2 adders (D:2)
  A white imp (D:3)
  An ufetubus (D:6)
  An orc (D:6)
  2 bats (D:3)
  An endoplasm (D:3)
  A giant cockroach (D:3)
  A ball python (D:2)
  2 kobolds (D:3)
  A rat (D:3)
17 creatures vanquished.

Notes
Turn   | Place    | Note
-------+----------+-------------------------------------------
     0 | D:1      | rlgrobin the Meteoran Fighter began the quest for the Orb.
     0 | D:1      | Reached XP level 1. HP: 19/19 MP: 2/2
    12 | D:2      | Reached skill level 3 in Axes
    12 | D:2      | Reached XP level 2. HP: 26/26 MP: 3/3
    29 | D:2      | Reached XP level 3. HP: 4/31 MP: 4/4
   111 | D:3      | Reached skill level 4 in Axes
   124 | D:3      | Found a faded altar of an unknown god.
   133 | D:3      | Prayed at the altar of an unknown god.
   133 | D:3      | Became a worshipper of Cheibriados the Contemplative
   133 | D:3      | Reached * piety under Cheibriados
   254 | D:5      | Entered Level 5 of the Dungeon
   269 | D:5      | Reached skill level 5 in Axes
   269 | D:5      | Reached XP level 4. HP: 30/38 MP: 5/5
   293 | D:5      | Reached XP level 5. HP: 45/45 MP: 6/6
   315 | D:6      | Reached skill level 6 in Axes
   333 | D:6      | Noticed an ice beast
   340 | D:6      | Killed an ice beast
   341 | D:6      | Reached skill level 7 in Axes
   341 | D:6      | Reached XP level 6. HP: 51/51 MP: 7/7
   341 | D:6      | Found a white marble altar of Elyvilon.
   370 | D:6      | Noticed a steam dragon
   375 | D:6      | Reached ** piety under Cheibriados
   377 | D:6      | Killed from afar by a steam dragon

Illustrated notes

Levels and vault maps discovered:
D:1:      amcnicky_arrival_choice, layout_basic
D:2:      layout_rooms, hangedman_decor_diamond_cutter
D:3:      wad_pebble_path, layout_basic, ebering_ecumenical_altar_ruins
D:4:      layout_layer_cave, bloody_makhleb, serial_shops,
          nicolae_shop_behind_doors, uniq_eustachio
D:5:      minmay_spotlight, layout_basic, grunt_temple_overflow_gold_and_silver,
          lemuel_temple_firewalk_b
D:6:      layout_basic, mainiacjoe_overflow_concentric_impassable,
          elyvilon_altar_5

Skill      XL: |  1  2  3  4  5 |
---------------+----------------+-----
Axes           | 3 5 7 |  7.4
Fighting       | |  3.2
Armour         | |  3.6
Shields        | |  3.6

Action                     |  1- 3 |  4- 6 || total
---------------------------+-------+-------++-------
  Melee: War axe           |    37 |    21 ||    58
    Use: Potion            |       |     1 ||     1
 Armour: Scale mail        |     4 |       ||     4
         Chain mail        |    13 |    18 ||    31
  Dodge: Dodged            |    17 |     6 ||    23
  Block: Buckler           |     9 |     6 ||    15

Table legend: (Time is in decaauts)
 A = Elapsed time spent in this place.
 B = Non-inter-level travel time spent in this place.
 C = Inter-level travel time spent in this place.
 D = Time resting spent in this place.
 E = Time spent auto-exploring this place.
 F = Levels seen in this place.
 G = Mean time per level.
                   A        B        C        D        E       F      G
               +--------+--------+--------+--------+--------+-----+--------+
         Total |    468 |    468 |      0 |      0 |      0 |   6 |   78.0 |
       Dungeon |    468 |    468 |      0 |      0 |      0 |   6 |   78.0 |
               +--------+--------+--------+--------+--------+-----+--------+

Top non-repeatable levels by time:
     D:3: 201 daAuts
     D:6: 90 daAuts
     D:5: 75 daAuts
     D:2: 69 daAuts
     D:4: 26 daAuts
     D:1: 5 daAuts
